 Dungeon Crawl Stone Soup version 0.21-a0-508-gf08a75f (webtiles) character file.

21 Dawnplanks the Chiller (level 2, 0/19 HPs)
             Began as a Demonspawn Ice Elementalist on Nov 28, 2017.
             Slain by a leopard gecko (4 damage)
             ... on level 1 of the Dungeon.
             The game lasted 00:05:42 (1089 turns).

Dawnplanks the Chiller (DsIE)                       Turns: 1089, Time: 00:05:42

Health: 0/19       AC:  2    Str:  8    XL:     2   Next: 62%
Magic:  0/5        EV: 12    Int: 16    God:
Gold:   0          SH:  0    Dex: 13    Spells: 3/6 levels left

rFire    . . .     SeeInvis .   f - +0 club
rCold    . . .     Gourm    .   (no shield)
rNeg     . . .     Faith    .   a - +0 robe
rPois    .         Spirit   .   (no helmet)
rElec    .         Reflect  .   (no cloak)
rCorr    .         Harm     .   (no gloves)
MR       +....                  (no boots)
Stlth    ++........             (no amulet)
HPRegen  0.06/turn              e - ring of protection from magic
MPRegen  0.09/turn              (no ring)

@: very slightly contaminated
A: hooves 1
a: no special abilities


You were on level 1 of the Dungeon.
You were very hungry.

You visited 1 branch of the dungeon, and saw 1 of its levels.

Inventory:

Hand Weapons
 f - a +0 club (weapon)
Armour
 a - a +0 robe (worn)
Jewellery
 e - a ring of protection from magic (left hand)
Scrolls
 d - a scroll of fear {unknown}
 h - a scroll of teleportation {unknown}
Potions
 g - a potion of mutation {unknown}
Books
 b - a book of Frost

   Spells                             Type                      Level
   a - Freeze                         Ice                          1
   b - Throw Frost                    Conjuration/Ice              2
   c - Ozocubu's Armour               Charms/Ice                   3
   d - Throw Icicle                   Conjuration/Ice              4
   e - Summon Ice Beast               Ice/Summoning                4
Comestibles
 c - a bread ration


   Skills:
 + Level 2.1 Dodging
 + Level 1.8 Stealth
 + Level 2.5 Spellcasting
 + Level 1.0 Conjurations
 + Level 3.0 Ice Magic


You had 3 spell levels left.
You knew the following spells:

 Your Spells              Type           Power        Failure   Level  Hunger
a - Freeze                Ice            ##..         5%          1    #......
b - Throw Frost           Conj/Ice       #.....       13%         2    ##.....


Dungeon Overview and Level Annotations

Branches:
Dungeon (1/15)

Altars:


Innate Abilities, Weirdness & Mutations

You have large cloven feet.


Message History

Aiming: Freeze
Press: ? - help, Shift-Dir - straight line, f - frilled lizard, p - jackal
Aim: a frilled lizard You freeze the frilled lizard.
You kill the frilled lizard!
The jackal barely misses you. x2
Casting: Freeze
Confirm with . or Enter, or press ? or * to list all spells.
Aiming: Freeze
Press: ? - help, Shift-Dir - straight line, f - leopard gecko
Aim: a leopard gecko You freeze the leopard gecko.
The leopard gecko seems to slow down.
The leopard gecko is heavily wounded.
The leopard gecko bites you.
* * * LOW HITPOINT WARNING * * *
You hit the jackal.
You kill the jackal!
The jackal closely misses you. The jackal completely misses you.
The leopard gecko bites you.
You die...

########### ..........########
.................##
hh................##
...................#
.................#
#..............#
#.......@l.....# ######
#.......hhr....#####.....
#........h....##....(####
####...............###
####.......gg...##..#
######...............###.#####
#.8#.#######.........# #......
#..........#.........########.
#...8^.8..8###.........# ##


You could see a leopard gecko, 3 jackals, a hobgoblin, a goblin and a rat.

Vanquished Creatures
  A leopard gecko (D:1)
  3 giant cockroaches (D:1)
  A hobgoblin (D:1)
  5 jackals (D:1)
  A kobold (D:1)
  A ball python (D:1)
  2 bats (D:1)
  2 frilled lizards (D:1)
  A rat (D:1)
17 creatures vanquished.

Notes
Turn   | Place    | Note
-------+----------+-------------------------------------------
     0 | D:1      | Dawnplanks the Demonspawn Ice Elementalist began the quest for the Orb.
     0 | D:1      | Reached XP level 1. HP: 13/13 MP: 3/3
   569 | D:1      | Reached skill level 3 in Ice Magic
   569 | D:1      | Gained mutation: You have large cloven feet. [demonic ancestry]
   569 | D:1      | Reached XP level 2. HP: 12/19 MP: 5/5
   801 | D:1      | Learned a level 2 spell: Throw Frost
  1089 | D:1      | Slain by a leopard gecko

Vault maps used:
D:1:      elethiomel_arrival_quiet

Skill      XL: |  1 |
---------------+----+-----
Dodging        | 2 |  2.1
Ice Magic      | 3 |  3.0
Stealth        | |  1.8
Spellcasting   | |  2.5
Conjurations   | |  1.0

Action                   || total
-------------------------++-------
Melee: Unarmed           ||    24
       Club              ||    12
       Kick              ||     1
 Cast: Freeze            ||    21
       Throw Frost       ||     3
Armor: Robe              ||    16
Dodge: Dodged            ||    44

Table legend:
 A = Spawn XP
 B = Non-spawn XP
 C = Spawn XP percentage of total XP
 D = Spawn monster count
 E = Non-spawn monster count
 F = Spawn count percentage of total count
 G = Total turns spent on level
                    A         B        C        D         E        F      G
               +---------+---------+-------+---------+---------+-------+---------
         Total |       0 |      30 |   0.0 |       0 |      17 |   0.0 |  1089
               +---------+---------+-------+---------+---------+-------+---------
           D:1 |       0 |      30 |   0.0 |       0 |      17 |   0.0 |  1089
               +---------+---------+-------+---------+---------+-------+---------
